AoeStats
← MK Sinaloa

Black Forest

510659592Analyzed
2v2 RM · 22h ago on Oct 2, 2026· 29m 47s· 4 players
Game mode
Random Map
Map size
Medium (4 player)
Population
200
Speed
Normal
Resources
Standard
Victory
Conquest
Starting age
Dark Age
Ending age
Imperial Age
RankedLock teamsTeams togetherTeam positionsShared explorationLock speedFull tech treeHidden civsTurbo modeCheats
Victory
Defeat
🇲🇽 Franks · Mexico
854
+14
🇨🇴 Romans · Colombia
837
+14
🇨🇱 Franks · Chile
812
-14
🇪🇸 Bengalis · Spain
811
-14
felipe.oyarzo88
0:37 Loom
15:08 Feudal Age
16:50 Wheelbarrow
17:32 Double-Bit Axe
20:13 Castle Age
21:42 Bow Saw
22:04 Fervor
Ortegasmo 14
0:32 Loom
12:26 Feudal Age
15:05 Wheelbarrow
17:50 Castle Age
16:42 Double-Bit Axe
16:51 Gold Mining
17:19 Fishing Lines
24:07 Bow Saw
MK Sinaloa
0:30 Loom
13:02 Feudal Age
14:38 Wheelbarrow
15:00 Town Watch
19:24 Castle Age
17:43 Double-Bit Axe
20:23 Stone Mining
21:29 Bow Saw
27:43 Husbandry
29:28 Squires
29:14 Arson
ryamkk
0:36 Loom
17:47 Feudal Age
21:31 Double-Bit Axe
21:29 Horse Collar
24:01 Castle Age
22:41 Wheelbarrow
22:24 Stone Mining
26:14 Caravan
30:03 Fortified Wall
Connection lost

Rejoining the realm…

Still unreachable

The connection could not be restored.

Session expired

The server has moved on; the page needs a fresh start.